Map: Ruins of Seras

Players

Quonzar

  • Race: Zerg Zerg
  • League: Diamond

Beastyqt - Winner!

  • Race: Terran Terran
  • League: Master

Event: Lycan League Weekly August #2

VOD

Have the link to the VOD?

Description

Time

  • Played on: Aug. 10, 2015, 12:59 p.m.
  • Length: 7:26

All games in this series

Show
View Real Time Build Order
Export as new Build Order

Quonzar Zerg 

Build Orders: Hatch First 

Get SALT Encoding   

  12  0:01  Drone  
  13  0:14  Overlord  
  13  0:17  Drone  
  14  0:25  Drone, Extractor  
  15  0:33  Drone  
  16  0:41  Drone  
  17  0:54  Hatchery  
  16  0:58  Drone  
  16  0:59  Drone  
  16  1:02  Extractor  
  17  1:08  Drone  
  18  1:18  Spawning Pool  
  18  1:23  Drone  
  18  1:30  Drone  
  19  1:40  Drone  
  20  1:51  Overlord  
  20  2:05  Metabolic Boost, Queen  
  20  2:06  Queen  
  20  2:07  Zergling x2  
  25  2:10  Zergling x2  
  25  2:14  Zergling x2  
  27  2:19  Drone  
  28  2:25  Drone  
  28  2:28  Drone  
  30  2:34  Overlord  
  29  2:49  Queen  
  29  2:50  Queen  
  35  2:51  Drone x2  
  35  2:54  Drone  
  36  2:59  Drone  
  37  3:06  Overlord, Extractor  
  37  3:07  Zergling x2  
  37  3:11  Zergling x2  
  38  3:21  Zergling x2  
  38  3:22  Zergling x8  
  38  3:25  Overlord  
  43  3:34  Hatchery  
  42  3:43  Baneling Nest  
  42  3:48  Drone x3  
  44  3:50  Drone  
  45  4:03  Drone x3  
  45  4:07  Drone x2  
  48  4:14  Zergling x6  
  49  4:19  Zergling x4  
  49  4:23  Zergling x4  
  53  4:28  Zergling x2  
  54  4:38  Overlord  
  54  4:47  Overlord, Zergling x8  
  55  4:53  Zergling x6  
  55  4:54  Zergling x2  
  55  4:58  Zergling x6  
  43  5:21  Drone x5  
  42  5:22  Drone x6  
  52  5:29  Drone  
  53  5:38  Zergling x6  
  54  5:44  Zergling x4  
  46  6:01  Baneling x9  
  46  6:02  Zergling x10  
  44  6:06  Zergling x2  
  42  6:12  Zergling x4  
  42  6:16  Zergling x2  
  45  6:22  Zergling x2  
  42  6:30  Zergling x4  
  44  6:33  Queen  
  46  6:40  Baneling x2  
  46  6:41  Baneling x15  
  46  6:44  Zergling x6  
  46  6:46  Zergling x2  
  50  6:53  Zergling x4  
  52  7:03  Zergling x2  
  52  7:04  Zergling x6  
Show
View Real Time Build Order
Export as new Build Order

Beastyqt Terran - Winner!

Build Orders: Hellion Opening, Liberator Opening, Reaper Expand 

Get SALT Encoding   

  12  0:01  SCV  
  13  0:13  SCV  
  14  0:18  Supply Depot  
  14  0:25  SCV  
  15  0:32  Refinery  
  15  0:40  SCV  
  16  0:46  Barracks  
  16  0:52  SCV  
  18  1:04  SCV  
  18  1:16  SCV  
  19  1:33  Reaper, Orbital Command  
  20  1:45  Command Center  
  20  1:57  Factory  
  20  2:00  SCV  
  21  2:10  Barracks Reactor  
  21  2:13  Supply Depot  
  21  2:14  SCV  
  22  2:20  Refinery  
  22  2:26  SCV  
  23  2:41  SCV  
  24  2:50  Starport  
  23  2:53  SCV  
  23  2:55  Hellion x2  
  28  3:00  Orbital Command  
  28  3:05  SCV  
  29  3:13  Liberator  
  29  3:16  Hellion x2  
  29  3:17  SCV  
  34  3:29  SCV  
  34  3:30  SCV  
  34  3:31  Supply Depot  
  39  3:38  Hellion  
  39  3:40  Hellion  
  43  3:42  SCV  
  43  3:43  SCV  
  45  3:49  Armory  
  45  3:55  Supply Depot  
  45  3:58  SCV  
  45  4:02  SCV  
  46  4:03  Liberator  
  46  4:08  Hellion  
  46  4:09  Hellion  
  47  4:10  SCV  
  47  4:14  SCV  
  49  4:22  SCV  
  53  4:28  SCV  
  53  4:29  Supply Depot  
  54  4:37  SCV  
  55  4:42  SCV  
  56  4:51  SCV  
  56  4:52  Hellion  
  59  4:56  SCV  
  59  4:57  Command Center  
  58  5:00  Supply Depot  
  58  5:03  SCV  
  59  5:08  SCV, Starport Reactor  
  59  5:11  Hellion, Factory  
  59  5:13  Hellion  
  58  5:15  SCV  
  58  5:20  SCV  
  54  5:22  Refinery  
  54  5:23  Refinery  
  54  5:27  SCV, Supply Depot  
  55  5:29  Liberator x2  
  55  5:32  SCV  
  55  5:35  Hellion  
  58  5:39  SCV  
  57  5:44  SCV  
  64  5:51  Supply Depot, Engineering Bay, SCV  
  64  5:56  Factory Tech Lab  
  65  5:58  SCV, Hellion x2  
  70  6:05  Factory  
  70  6:10  Orbital Command  
  70  6:11  SCV  
  70  6:17  Missile Turret  
  71  6:20  SCV  
  71  6:21  Hellion x2  
  71  6:23  SCV  
  71  6:24  Hellion  
  73  6:32  SCV  
  74  6:37  SCV x2  
  74  6:38  Supply Depot  
  76  6:44  SCV  
  83  6:49  SCV x2  
  85  6:56  SCV, Refinery, Factory Tech Lab  
  85  6:57  Refinery  
  85  7:01  SCV  
  87  7:05  SCV  

Tags
 
Add a new tag
Caveats
  • Supply blocks, unpowered buildings, or Contaminate may cause inaccurate times.
  • Supply counts are checked every 10 seconds.